 Dungeon Crawl Stone Soup version 0.29.1-15-g9cfb28693d (webtiles) character file.

Game seed: 886231036952412388

2 leafyfresh the Sneak (level 1, 0/16 HPs)
             Began as an Octopode Delver on Feb 24, 2023.
             Slain by an orc wizard
             ... wielding a +0 dagger
              (5 damage)
             ... on level 4 of the Dungeon.
             The game lasted 00:00:21 (413 turns).

leafyfresh the Sneak (Octopode Delver)               Turns: 413, Time: 00:00:21

Health: 0/16       AC:  1    Str: 11    XL:     1   Next: 30%
Magic:  1/1        EV: 13    Int: 12    God:
Gold:   0          SH:  0    Dex: 13    Spells: 0/0 levels left

rFire   . . .      SeeInvis .   a - +0 short sword
rCold   . . .      Faith    .   (no shield)
rNeg    . . .      Spirit   .   (helmet restricted)
rPois   .          Reflect  .   (no amulet)
rElec   .          Harm     .   (no ring)
rCorr   .          Rampage  .   (no ring)
Will    .....                   (no ring)
Stlth   ++++......              (no ring)
HPRegen 0.05/turn               (no ring)
MPRegen 0.07/turn               (no ring)
                                (no ring)
                                (no ring)

@: no status effects
A: almost no armour, amphibious, 8 rings, camouflage 1, gelatinous body 1,
(nimble swimmer 1), tentacles
a: no special abilities


You were on level 4 of the Dungeon.
You visited 1 branch of the dungeon, and saw 2 of its levels.

Inventory:

Hand Weapons
 a - a +0 short sword (weapon)
Wands
 f - a wand of digging (3)
Scrolls
 b - a scroll of fog
 c - a scroll of magic mapping
Potions
 e - a potion of haste


   Skills:
 + Level 3.0 Fighting
 + Level 2.0 Short Blades
 + Level 2.0 Dodging
 + Level 6.6 Stealth


You couldn't memorise any spells.
You didn't know any spells.
Your spell library was empty.

Dungeon Overview and Level Annotations

Branches:
Dungeon (5/15)
 Temple: D:4-7

Altars:

Shops:
D:5 [


Innate Abilities, Weirdness & Mutations

You cannot wear most types of armour.
You are amphibious.
You can wear up to eight rings at the same time.
Your skin changes colour to match your surroundings (Stealth+).
Your rubbery body absorbs attacks. (AC +1, EV +1)
((You are camouflaged when in or above water. (Stealth+)))
You have tentacles for arms and can constrict up to eight enemies at once.


Message History

An orc wizard and an orc come into view.
The orc shouts!
You hear a shout!
An orc priest comes into view. It is wielding a +0 falchion.
The orc priest shouts!
There are monsters nearby!
There are monsters nearby!
The orc wizard shouts!
You hit the orc. Your grab misses the orc.
You squeeze the orc, but do no damage.
The orc is lightly wounded.
The orc hits you with a +0 club.
You hit the orc but do no damage. You grab the orc.
The orc is lightly wounded.
You constrict the orc. The orc misses you.
You hit the orc but do no damage.
The orc is moderately wounded.
You constrict the orc. The orc barely misses you.
You hit the orc.
You kill the orc!
The orc wizard casts a spell at you. The puff of flame hits you.
The orc wizard closely misses you.
Things that are here:
a +0 club; a +0 leather armour You hit the orc wizard but do no damage.
Your grab misses the orc wizard.
The orc wizard gestures at you while chanting.
You resist with significant effort.
You closely miss the orc wizard. Your grab misses the orc wizard.
The orc wizard hits you with a +0 dagger.
You are too injured to fight recklessly!
Unknown command.
You closely miss the orc wizard. Your grab misses the orc wizard.
The orc priest looks encouraged for a moment.
The orc wizard barely misses you.
You hit the orc wizard. You grab the orc wizard. You squeeze the orc wizard!
The orc wizard is heavily wounded.
You constrict the orc wizard, but do no damage.
The orc wizard hits you with a +0 dagger.
You die...

### #.. #.#
#.# ##.##
#.####...###
#ooo@......#
#.####.....#
##.#.##
o..####.# #
.......>#
...######


You could see an orc priest, an orc wizard and an orc.

Vanquished Creatures
  An orc (D:4)
1 creature vanquished.

Notes
Turn   | Place    | Note
-------+----------+-------------------------------------------
     0 | D:5      | leafyfresh the Octopode Delver began the quest for the Orb.
     0 | D:5      | Reached XP level 1. HP: 16/16 MP: 1/1
     1 | D:5      | Noticed a jelly
     7 | D:5      | Noticed a scorpion
     7 | D:5      | Noticed a hound
   402 | D:4      | Noticed an orc wizard
   402 | D:4      | Noticed an orc priest
   413 | D:4      | Slain by an orc wizard

Illustrated notes

Levels and vault maps discovered:
D:4:      layout_loops_ring, serial_rivers, chequers_serial_rivers_marsh,
          chequers_serial_rivers_marsh, chequers_serial_rivers_small_3,
          chequers_serial_rivers_large_b, chequers_serial_rivers_micro_b,
          chequers_serial_rivers_room_b, kennysheep_generic_room_3,
          uniq_eustachio
D:5:      layout_rooms, serial_shops, shop_statue, serial_corexii_hall,
          corexii_hall_statues_i, chequers_hall_statues_corner_a

Action                   || total
-------------------------++-------
Melee: Short sword       ||     8
       Constrict         ||     2
       Tentacles         ||     2
  Use: Scroll            ||     1
Dodge: Dodged            ||     7
